 Dungeon Crawl Stone Soup version 0.19-b1-4-gd8a0a2a (webtiles) character file.

191288 GordonOverkill the Executioner (level 18, -1/166 HPs)
             Began as a Minotaur Venom Mage on Oct 31, 2016.
             Was the Champion of Trog.
             Killed from afar by Aizul (11 damage)
             ... with a poison arrow
             ... on level 4 of the Snake Pit.
             The game lasted 01:35:32 (41140 turns).

GordonOverkill the Executioner (MiVM)              Turns: 41140, Time: 01:35:33

Health: -1/166     AC: 27    Str: 20    XL:     18   Next: 0%
Magic:  21/21      EV: 12    Int: 12    God:    Trog [******]
Gold:   2323       SH:  5    Dex: 15    Spells: 0 memorised, 19 levels left

rFire  + . .     SeeInvis +     s - +2 battleaxe (vamp)
rCold  . . .     Gourm    .     F - +2 plate armour {rF+}
rNeg   + . .     Faith    .     (shield currently unavailable)
rPois  +         Spirit   .     (helmet restricted)
rElec  .         Reflect  +     e - +0 cloak
rCorr  .         Harm     .     f - +2 pair of gloves
MR     +....                    P - +1 pair of boots
Stlth  ..........               h - +5 amulet of reflection
                                R - ring of positive energy
                                K - ring "Qesenus" {+Fly rPois Dex+5 SInv}

@: lethally poisoned (-1 -> -9), exhausted, slowed, very slow
A: retaliatory headbutt, horns 2, clumsy 1, mutation resistance 1
a: Berserk, Trog's Hand, Brothers in Arms, Burn Spellbooks, Renounce Religion,
Evoke Flight


You were on level 4 of the Snake Pit.
You worshipped Trog.
Trog was exalted by your worship.
You were not hungry.

You visited 5 branches of the dungeon, and saw 28 of its levels.
You also visited: Labyrinth and Sewer.

You collected 2951 gold pieces.
You spent 628 gold pieces at shops.

Inventory:

Hand Weapons
 a - a +5 executioner's axe of venom
 b - the +8 hand axe "Xunnei" {flame, rN+}
   (Trog gifted it to you on level 5 of the Lair of Beasts)

   It has been specially enchanted to burn those struck by it, causing extra
   injury to most foes and up to half again as much damage against particularly
   susceptible opponents.
   Big, fiery blades are also staple armaments of hydra-hunters.
   It protects you from negative energy.
 s - a +2 vampiric battleaxe (weapon)
Armour
 e - a +0 cloak (worn)
 f - a +2 pair of gloves (worn)
 F - a +2 plate armour of fire resistance (worn)
 P - a +1 pair of boots (worn)
Jewellery
 g - an uncursed ring of fire
 h - a +5 amulet of reflection (around neck)
 x - a +3 ring of protection {unknown}
 K - the ring "Qesenus" (left hand) {+Fly rPois Dex+5 SInv}
   (You found it on level 1 of the Lair of Beasts)

   [ring of flight]

   It affects your dexterity (+5).
   It protects you from poison.
   It lets you see invisible.
   It lets you fly.
 R - a ring of positive energy (right hand)
Wands
 i - a wand of teleportation (4/9)
 m - a wand of digging (10/24)
 q - a wand of lightning (12/15)
 y - a wand of disintegration (8/24)
 B - a wand of hasting (2/9)
Scrolls
 j - a scroll of recharging
 o - a scroll of blinking
 u - 5 scrolls of enchant armour
 v - 2 scrolls of identify
 w - 16 scrolls of remove curse
 G - 3 scrolls of magic mapping
 H - 3 scrolls of fog
 N - a scroll of teleportation
Potions
 k - 3 potions of cure mutation
 l - 2 potions of curing
 n - a potion of magic
 p - 3 potions of flight
 t - a potion of beneficial mutation {unknown}
 z - 2 potions of lignification
 C - 2 potions of cancellation
 D - a potion of resistance {unknown}
 J - 2 potions of might
Comestibles
 c - 20 bread rations
 d - 5 meat rations
 r - 12 royal jellies
 A - 4 chunks of flesh


   Skills:
 - Level 16.0 Fighting
 + Level 24.0 Axes
 + Level 16.0 Armour
 - Level 10.0 Dodging
 - Level 1.5 Stealth
 - Level 1.3 Spellcasting
   Level 2.9 Poison Magic
 - Level 6.0 Evocations


You had 19 spell levels left.
You didn't know any spells.

Dungeon Overview and Level Annotations

Branches:
Dungeon (15/15)            Temple (1/1) D:7            Lair (6/6) D:8
 Shoals (0/4) Lair:3        Snake (4/4) Lair:4        Slime (0/5) Lair:5
    Orc (2/2) D:11            Elf (0/3) Orc:2        Vaults (0/5) D:14
 Depths (0/5) D:15

Altars:
Ashenzari
Cheibriados
Dithmenos
Elyvilon
Fedhas
Gozag
Hepliaklqana
Kikubaaqudgha
Makhleb
Nemelex Xobeh
Okawaru
Qazlal
Ru
Sif Muna
Trog
Uskayaw
Vehumet
Xom
Yredelemnul
Zin
The Shining One
Beogh
Jiyva

Shops:
D:6 }   D:11 *   D:12 !   Orc:2 (=[*

Annotations:
D:3 Gobser's ghost, amateur OpAs
D:8 5 exclusions
Snake:4 Aizul


Innate Abilities, Weirdness & Mutations

You reflexively headbutt those who attack you in melee.
You have a pair of horns on your head.
You are clumsy. (Dex -2)
You are somewhat resistant to further mutation.


Message History

* * * LOW HITPOINT WARNING * * *
You swap places.
You feel sick. Aizul hits your troll.
Your troll bites Aizul.
Your troll claws Aizul.
Your troll closely misses Aizul.
Aizul barely misses your troll.
Your troll misses Aizul.
Your troll claws Aizul!
Your troll barely misses Aizul.
You feel sick. Aizul barely misses your troll.
Your troll misses Aizul.
Your troll claws Aizul!
Your troll claws Aizul.
Aizul hits your troll!
Your troll closely misses Aizul.
Your troll claws Aizul.
Your troll claws Aizul but does no damage.
Aizul coils herself and waves her upper body at you.
The bolt of poison misses your troll. The bolt of poison hits you! You resist.
* * * LOW HITPOINT WARNING * * *
Your troll closely misses Aizul.
Your troll barely misses Aizul.
Your troll claws Aizul!
Aizul hits your troll!!
Your troll barely misses Aizul. x2
Your troll closely misses Aizul.
Aizul casts a spell at you. The poison arrow misses your troll.
The poison arrow hits you!
You are more poisoned.
You partially resist.
You die...

#.. #..##
#...######.
#..........
#..........
#...S......
#..T# #...#
##.@# #..#
#..# ....
.....
#......
#......
#......#


You could see Aizul and a friendly troll (berserk).

Vanquished Creatures
  Rupert (D:15)
  Frances (Snake:1)
  2 orc warlords (Orc:2)
  A frost giant (D:15)
  The ghost of TugoseryaHuesosov the Destroyer, a journeyman DgFE (Orc:1)
  A minotaur (Lab)
  Harold (Lair:2)
  An ogre mage (D:15)
  14 naga warriors
  4 vault guards (D:14)
  Erolcha (D:10)
  6 hydras
  2 anacondas
  4 catoblepae (Lair:6)
  3 centaur warriors
  Erica (Orc:1)
  4 tengu warriors
  18 death yaks (Lair:6)
  6 orc high priests
  5 shock serpents
  8 naga sharpshooters
  Urug (D:11)
  2 salamander mystics
  4 skeletal warriors (D:13)
  An unseen horror (D:15)
  10 sea snakes (Snake:3)
  3 naga ritualists
  The ghost of Zaque the Basher, a novice OgHu (Sewer)
  6 orc knights
  Pikel (D:6)
  11 hill giants
  The ghost of Banto the Carver, a novice HESk of Okawaru (D:8)
  An oklob plant (Lair:5)
  4 orc sorcerers (Orc:2)
  6 elephants (Lair:2)
  5 mana vipers
  4 ugly things
  6 salamanders
  6 cyclopes
  5 manticores
  4 guardian serpents
  A siren (Lair:3)
  17 black mambas
  Joseph (D:7)
  10 naga magi
  10 spiny frogs
  5 centaur skeletons
  3 rime drakes
  A freezing wraith (D:15)
  7 komodo dragons
  The ghost of GordonOverkill the Skirmisher, an amateur MiVM (D:5)
  A queen bee (D:14)
  10 trolls
  A polar bear (Lair:4)
  2 hornets
  6 meliai
  A troll (shapeshifter) (D:14)
  16 hippogriffs
  3 two-headed ogres
  3 blink frogs (Lair:5)
  9 slime creatures
  7 dream sheep (Lair:6)
  4 snapping turtles (D:12)
  A vampire (D:10)
  Sigmund (D:6)
  3 wyverns
  3 water elementals (D:12)
  2 basilisks
  53 yaks
  3 hungry ghosts
  5 wargs
  3 vampire mosquitoes
  A steam dragon (D:13)
  Edmund (D:3)
  14 water moccasins
  2 soldier ants
  42 nagas
  8 porcupines
  8 sky beasts
  An eye of draining (D:14)
  47 orc warriors
  4 slaves (D:6)
  4 phantoms
  6 ice beasts
  18 ogres
  2 black bears
  2 necrophages
  10 centaurs
  4 wolves
  18 crocodiles
  3 big kobolds
  11 bullfrogs
  A gnoll sergeant (D:8)
  A wyvern zombie (D:14)
  A water moccasin zombie (D:9)
  3 wyvern skeletons
  7 scorpions
  42 killer bees
  4 howler monkeys
  15 electric eels
  10 crimson imps
  4 centaur zombies
  7 jellies
  35 orc priests
  A gnoll shaman (D:4)
  13 hounds
  4 bullfrog skeletons
  5 iguanas
  11 worker ants
  40 orc wizards
  A killer bee zombie (D:7)
  A hound skeleton (D:11)
  A howler monkey zombie (D:5)
  16 gnolls
  10 adders
  6 shadow imps
  2 oozes
  4 adder skeletons
  An adder zombie (D:6)
  3 worms
  A dart slug (D:2)
  7 leopard geckos
  126 orcs
  6 giant cockroaches
  6 hobgoblins
  15 jackals
  26 kobolds
  7 quokkas
  2 ball pythons
  A ball python zombie (D:5)
  19 bats
  5 frilled lizards
  5 goblins
  A jackal skeleton (D:4)
  A quokka zombie (D:6)
  13 rats
  11 fungi
  2 plants
1069 creatures vanquished.

Vanquished Creatures (collateral kills)
  A hydra (Lair:2)
  2 spiny frogs (Lair:2)
3 creatures vanquished.

Vanquished Creatures (others)
  A deep troll earth mage (D:13)
  A vampire (D:13)
  A centaur (D:8)
  A bat (D:12)
  A leopard gecko zombie (D:8)
  21 fungi
  12 plants
38 creatures vanquished.

Grand Total: 1110 creatures vanquished

Notes
Turn   | Place    | Note
-------+----------+-------------------------------------------
     0 | D:1      | GordonOverkill the Minotaur Venom Mage began the quest for the Orb.
     0 | D:1      | Reached XP level 1. HP: 14/14 MP: 1/1
   269 | D:1      | Reached skill level 1 in Fighting
   607 | D:1      | Reached XP level 2. HP: 24/24 MP: 3/3
  1579 | D:2      | Reached XP level 3. HP: 29/31 MP: 4/4
  2119 | D:3      | Found a hazy altar of Hepliaklqana.
  2207 | D:3      | Reached XP level 4. HP: 41/41 MP: 5/5
  2219 | D:3      | Reached skill level 5 in Fighting
  2311 | D:3      | Reached XP level 5. HP: 42/50 MP: 6/6
  2411 | D:3      | Found a white marble altar of Elyvilon.
  2446 | D:3      | Noticed Gobser's ghost (amateur OpAs)
  2499 | D:2      | Reached skill level 1 in Axes
  3237 | D:3      | Found a basalt altar of Yredelemnul.
  3610 | D:4      | Reached skill level 2 in Axes
  3708 | D:4      | Reached XP level 6. HP: 37/58 MP: 7/7
  3886 | D:4      | Found a shimmering altar of Xom.
  3903 | D:4      | Reached skill level 3 in Axes
  4279 | D:4      | Reached skill level 4 in Axes
  4467 | D:4      | Reached XP level 7. HP: 58/66 MP: 8/8
  4704 | D:4      | Found a sacrificial altar of Ru.
  4887 | D:4      | Reached skill level 5 in Axes
  5651 | D:4      | Reached skill level 6 in Axes
  6057 | D:5      | Entered Level 5 of the Dungeon
  6129 | D:5      | Noticed GordonOverkill's ghost (amateur MiVM)
  6223 | D:5      | Reached skill level 7 in Axes
  6240 | D:5      | Noticed Edmund
  6255 | D:5      | Reached XP level 8. HP: 36/74 MP: 9/9
  6284 | D:5      | Found a hide-covered altar of Uskayaw.
  6674 | D:3      | Killed Edmund
  6674 | D:3      | Reached skill level 8 in Axes
  6865 | D:5      | Killed GordonOverkill's ghost
  6865 | D:5      | Reached skill level 9 in Axes
  6975 | D:5      | Noticed a hand axe
  6975 | D:5      | Noticed a hand axe
  7267 | D:5      | Found a deep blue altar of Sif Muna.
  7372 | D:6      | Reached skill level 10 in Axes
  7392 | D:6      | Found a glowing drain.
  7422 | Sewer    | Entered a sewer
  7432 | Sewer    | Noticed Zaque's ghost (novice OgHu)
  7462 | Sewer    | Killed Zaque's ghost
  7462 | Sewer    | Reached XP level 9. HP: 43/81 MP: 10/10
  7731 | D:6      | Reached skill level 11 in Axes
  7812 | D:6      | Noticed Pikel
  7837 | D:6      | Killed Pikel
  7837 | D:6      | Reached skill level 5 in Armour
  8095 | D:6      | Noticed Sigmund
  8111 | D:6      | Killed Sigmund
  8246 | D:6      | Found Eteuhol's Quality Used Wands.
  8257 | D:6      | Bought a wand of teleportation (0/9) for 132 gold pieces
  8257 | D:6      | Bought a wand of disintegration (0/24) for 44 gold pieces
  8454 | D:6      | Reached skill level 12 in Axes
  8719 | D:7      | Found a radiant altar of Vehumet.
  8720 | D:7      | Found a burning altar of Makhleb.
  8822 | D:7      | Found an iron altar of Okawaru.
  8883 | D:7      | Noticed Joseph
  8893 | D:7      | Killed Joseph
  8934 | D:7      | Reached XP level 10. HP: 88/88 MP: 11/11
  9321 | D:7      | Found a staircase to the Ecumenical Temple.
  9331 | Temple   | Entered the Ecumenical Temple
  9382 | Temple   | Became a worshipper of Trog the Wrathful
 10084 | D:8      | Reached skill level 13 in Axes
 10108 | D:8      | Found a shadowy altar of Dithmenos.
 10462 | D:8      | Noticed Banto's ghost (novice HESk)
 10472 | D:8      | Found a radiant altar of Vehumet.
 10636 | D:8      | Killed Banto's ghost
 10636 | D:8      | Reached * piety under Trog
 10988 | D:8      | Reached skill level 10 in Armour
 11136 | D:8      | Reached skill level 14 in Axes
 11241 | D:8      | Reached ** piety under Trog
 11333 | D:8      | Found a shattered altar of Ashenzari.
 11985 | D:8      | Found a glowing golden altar of the Shining One.
 12036 | D:8      | Reached XP level 11. HP: 66/93 MP: 12/12
 12690 | D:9      | Reached *** piety under Trog
 13342 | D:10     | Entered Level 10 of the Dungeon
 13795 | D:10     | Reached skill level 15 in Axes
 13971 | D:10     | Noticed a hill giant
 13980 | D:10     | Killed a hill giant
 14087 | D:10     | Reached **** piety under Trog
 14164 | D:10     | Noticed Erolcha
 14172 | D:10     | Killed Erolcha
 14269 | D:10     | Reached skill level 10 in Fighting
 14696 | D:10     | Noticed a hill giant
 14706 | D:10     | Killed a hill giant
 15335 | D:11     | Reached skill level 16 in Axes
 15443 | D:11     | Found Oriuxygi's Assorted Antiques.
 15462 | D:11     | Reached ***** piety under Trog
 15478 | D:11     | Bought a potion of heal wounds for 165 gold pieces
 15515 | D:11     | Noticed a red ugly thing
 15532 | D:11     | Killed a red ugly thing
 15537 | D:11     | Reached XP level 12. HP: 109/109 MP: 13/13
 16618 | D:11     | Found a staircase to the Orcish Mines.
 17040 | D:8      | Found a staircase to the Lair.
 17197 | Lair:1   | Entered Level 1 of the Lair of Beasts
 17482 | Lair:1   | Got a glittering iron ring
 17485 | Lair:1   | Identified the ring "Qesenus" {+Fly rPois Dex+5 SInv} (You found it on level 1 of the Lair of Beasts)
 18232 | Lair:1   | Reached skill level 17 in Axes
 18977 | Lair:2   | Noticed Harold
 19008 | Lair:2   | Killed Harold
 19290 | Lair:2   | Noticed a seven-headed hydra
 19327 | Lair:2   | Killed a seven-headed hydra
 19513 | Lair:2   | Noticed an eight-headed hydra
 19521 | Lair:2   | Killed a 13-headed hydra
 19603 | Lair:2   | Reached XP level 13. HP: 111/117 MP: 14/14
 19902 | Lair:3   | Reached skill level 18 in Axes
 19931 | Lair:3   | Found a staircase to the Shoals.
 20895 | Lair:4   | Found a staircase to the Snake Pit.
 21640 | Lair:5   | Received a gift from Trog
 21769 | Lair:5   | Reached skill level 5 in Dodging
 21866 | Lair:5   | Found a labyrinth entrance.
 21872 | Lair:5   | Found a runed door.
 21875 | Lab      | Entered a labyrinth
 22460 | Lab      | Noticed a minotaur
 22474 | Lab      | Killed a minotaur
 22476 | Lab      | Got a warped steel ring
 22531 | Lab      | Got a shimmering scale mail
 22533 | Lab      | Identified the ring "Tidom" {rN+ SInv} (You took it off a minotaur in a labyrinth)
 22534 | Lab      | Identified the +3 scale mail "Ablup" {rCorr Dex+3 Slay-3} (You found it in a labyrinth)
 22730 | Lair:5   | Found a viscous altar of Jiyva.
 22732 | Lair:5   | Found a staircase to the Slime Pits.
 22814 | Lair:5   | Received a gift from Trog
 22817 | Lair:5   | Got a translucent hand axe {god gift}
 22818 | Lair:5   | Identified the +8 hand axe "Xunnei" {flame, rN+} (Trog gifted it to you on level 5 of the Lair of Beasts)
 23287 | Lair:6   | Entered Level 6 of the Lair of Beasts
 24286 | Lair:6   | Reached skill level 19 in Axes
 24416 | Lair:6   | Got a dazzling chain mail
 24667 | Lair:6   | HP: 5/118 [catoblepas/blast of calcifying dust (6)]
 25346 | Lair:6   | Reached XP level 14. HP: 88/126 MP: 15/15
 25786 | Lair:6   | Reached skill level 20 in Axes
 25786 | Lair:6   | Reached skill level 10 in Dodging
 25934 | Lair:6   | Reached skill level 1 in Evocations
 26170 | Lair:1   | Identified the +0 chain mail "Dieqille" {Str+8 Dex-5 Slay+3 Stlth+} (You found it on level 6 of the Lair of Beasts)
 26344 | Orc:1    | Entered Level 1 of the Orcish Mines
 26344 | Orc:1    | Noticed Urug
 26355 | D:11     | Killed Urug
 26393 | Orc:1    | Received a gift from Trog
 26674 | Orc:1    | Found a roughly hewn altar of Beogh.
 27010 | Orc:2    | Entered Level 2 of the Orcish Mines
 27024 | Orc:2    | Found a staircase to the Elven Halls.
 27052 | Orc:1    | Noticed Erica
 27059 | Orc:1    | Noticed TugoseryaHuesosov's ghost (journeyman DgFE)
 27064 | Orc:1    | Killed Erica
 27087 | Orc:1    | Killed TugoseryaHuesosov's ghost
 27262 | Orc:2    | Found Obiproasi's Antique Armour Boutique.
 27277 | Orc:2    | Noticed an orc warlord
 27482 | Orc:2    | Gained mutation: You are somewhat resistant to further mutation. [a neqoxec]
 27603 | Orc:2    | Gained mutation: You are clumsy. (Dex -2) [a neqoxec]
 27611 | Orc:2    | Reached skill level 5 in Evocations
 27668 | Orc:2    | Noticed an orc warlord
 27680 | Orc:2    | Killed an orc warlord
 28007 | Orc:2    | Found Iteadec's General Store.
 28038 | Orc:2    | Killed an orc warlord
 28056 | Orc:2    | Reached ****** piety under Trog
 28367 | Orc:1    | Received a gift from Trog
 28727 | Orc:2    | Reached skill level 21 in Axes
 28786 | Orc:2    | Found Woqa's Jewellery Shop.
 28806 | Orc:2    | Found Erghuprelab's Antique Weapon Emporium.
 28978 | Orc:2    | Bought a scroll of blinking for 105 gold pieces
 29031 | Orc:2    | Reached XP level 15. HP: 132/132 MP: 18/18
 29968 | D:12     | Found Kemouwn's Distillery.
 29978 | D:12     | Bought a potion of heal wounds for 70 gold pieces
 29978 | D:12     | Bought a potion of invisibility for 112 gold pieces
 29988 | D:12     | Received a gift from Trog
 31707 | D:13     | Found a runed door.
 32742 | D:13     | Received a gift from Trog
 33714 | D:14     | Reached skill level 22 in Axes
 34487 | D:14     | Found a gate to the Vaults.
 34652 | D:14     | Received a gift from Trog
 34935 | D:15     | Entered Level 15 of the Dungeon
 35093 | D:15     | Reached skill level 15 in Fighting
 35093 | D:15     | Reached XP level 16. HP: 149/149 MP: 19/19
 35094 | D:15     | Noticed Rupert
 35101 | D:15     | Killed Rupert
 35366 | D:15     | Reached XP level 17. HP: 156/158 MP: 20/20
 35842 | D:15     | Found a staircase to the Depths.
 36517 | Snake:1  | Entered Level 1 of the Snake Pit
 37091 | Snake:1  | Noticed Frances
 37112 | Snake:1  | Killed Frances
 37112 | Snake:1  | Received a gift from Trog
 37508 | Snake:1  | Reached skill level 23 in Axes
 37998 | Snake:1  | Received a gift from Trog
 39578 | Snake:3  | Reached skill level 15 in Armour
 39634 | Snake:3  | Received a gift from Trog
 41020 | Snake:4  | Entered Level 4 of the Snake Pit
 41106 | Snake:4  | Reached skill level 24 in Axes
 41122 | Snake:4  | Reached XP level 18. HP: 98/166 MP: 21/21
 41136 | Snake:4  | Noticed Aizul
 41140 | Snake:4  | Killed from afar by Aizul

Skill      XL: |  1  2  3  4  5  6  7  8  9 10 11 12 13 14 15 16 17 |
---------------+----------------------------------------------------+-----
Fighting       | 2 3 4 5 6 7 8 11 12 15 16 | 16.0
Axes           | 2 4 7 10 12 14 16 17 19 21 22 24 | 24.0
Armour         | 3 7 10 11 12 13 16 | 16.0
Dodging        | 8 10 | 10.0
Evocations     | 6 |  6.0
Stealth        | |  1.5
Spellcasting   | |  1.3
Poison Magic   | |  2.9

Action                   |  1- 3 |  4- 6 |  7- 9 | 10-12 | 13-15 | 16-18 || total
-------------------------+-------+-------+-------+-------+-------+-------++-------
Melee: Unarmed           |    26 |       |       |       |       |       ||    26
       Headbutt          |     4 |    17 |    66 |   202 |   317 |   192 ||   798
       Spear             |    98 |       |       |       |       |       ||    98
       Mace              |    11 |     6 |       |       |       |       ||    17
       Hand axe          |       |   160 |   217 |       |   378 |       ||   755
       Halberd           |       |       |   259 |   589 |       |       ||   848
       War axe           |       |       |       |   565 |   197 |       ||   762
       Executioner's axe |       |       |       |       |   767 |   125 ||   892
       Battleaxe         |       |       |       |       |       |   679 ||   679
Invok: Berserk           |       |       |       |     8 |    14 |     4 ||    26
       Burn Spellbooks   |       |       |       |     1 |     3 |     1 ||     5
       Trog's Hand       |       |       |       |     1 |     7 |       ||     8
       Brothers in Arms  |       |       |       |     2 |       |     1 ||     3
Evoke: Wand              |       |       |       |    11 |     1 |     1 ||    13
  Use: Scroll            |       |       |    14 |    13 |    12 |     4 ||    43
       Potion            |       |       |       |     2 |    12 |     2 ||    16
 Stab: Sleeping          |     4 |       |       |       |       |       ||     4
       Distracted        |       |       |     1 |       |       |       ||     1
  Eat: Chunk             |     4 |     7 |     9 |    40 |    43 |    11 ||   114
       Royal jelly       |       |       |     3 |       |       |       ||     3
       Beef jerky        |       |       |     2 |     3 |     4 |     1 ||    10
       Pizza             |       |       |     1 |       |       |     1 ||     2
       Fruit             |       |       |       |     3 |     9 |       ||    12
       Meat ration       |       |       |       |     1 |     2 |     3 ||     6
Armor: Leather armour    |    12 |       |       |       |       |       ||    12
       Ring mail         |    20 |     1 |       |       |       |       ||    21
       Chain mail        |       |    99 |   207 |   435 |       |       ||   741
       Plate armour      |       |       |       |   193 |   650 |   370 ||  1213
Dodge: Dodged            |    68 |    50 |   119 |   352 |   515 |   268 ||  1372
Block: Other             |       |       |    57 |   218 |   263 |   136 ||   674
       Reflection        |       |       |       |    10 |    10 |     8 ||    28
